 Dungeon Crawl Stone Soup version 0.17.1-1-g73c8601 (webtiles) character file.

96 Kurtz the Insei (level 4, -1/35 HPs)
             Began as a Mummy Monk on Oct 18, 2018.
             Slain by a giant frog zombie (6 damage)
             ... on level 3 of the Dungeon.
             The game lasted 00:01:51 (2741 turns).

Kurtz the Insei (Mummy Monk)                        Turns: 2741, Time: 00:01:51

Health: -1/35      AC:  2    Str: 14    XL:     4   Next: 41%
Magic:  4/4        EV: 13    Int:  9    God:
Gold:   117        SH:  0    Dex: 20    Spells: 0 memorised, 3 levels left

rFire  x . .     SeeInvis .       - Unarmed
rCold  + . .     Clarity  .     (no armour)
rNeg   + + +     SustAt   .     (no shield)
rPois  ∞         Gourm    .     (no helmet)
rElec  .         Spirit   .     (no cloak)
rCorr  .         Warding  .     c - +1 pair of gloves
rMut   .         Stasis   .     (no boots)
MR     .....                    (no amulet)
Stlth  ++++......               e - ring of stealth
                                j - +5 ring of dexterity

@: not resistant to hostile enchantments, stealthy
A: no food or potions, fire vulnerability, cold resistance 1, negative energy
resistance 3, torment resistance, unbreathing
a: no special abilities


You were on level 3 of the Dungeon.
You were not hungry.

You visited 1 branch of the dungeon, and saw 4 of its levels.

You collected 117 gold pieces.

Inventory:

Armour
 c - a +1 pair of gloves (worn)
Jewellery
 e - a ring of stealth (right hand)
 h - an uncursed ring of protection from cold
 j - a +5 ring of dexterity (left hand)
 l - an uncursed amulet of rage {unknown}
Scrolls
 a - a scroll of fog {unknown}
 b - 2 scrolls of random uselessness {unknown}
 d - 2 scrolls of recharging {unknown}
 f - a scroll of remove curse {unknown}
 g - a scroll of identify {unknown}
 i - a scroll of teleportation {unknown}
 k - a scroll of enchant armour {unknown}


   Skills:
 - Level 3.0 Fighting
 - Level 2.4 Dodging
 * Level 3.5 Stealth
 * Level 3.8 Unarmed Combat


You had 3 spell levels left.
You didn't know any spells.

Dungeon Overview and Level Annotations

Branches:
Dungeon (4/15)
 Temple: D:4-7

Altars:
Trog

Annotations:
D:3 exclusions: door and downstairs, Crazy Yiuf


Innate Abilities, Weirdness & Mutations

You do not eat or drink.
Your flesh is vulnerable to fire.
You are immune to poison.
Your flesh is cold resistant.
You are immune to negative energy.
You are immune to unholy pain and torment.
You can survive without breathing.


Message History

The giant frog zombie barely misses you.
You barely miss the giant frog zombie. The giant frog zombie hits you.
* * * LOW HITPOINT WARNING * * *
You are too injured to fight recklessly!
You hit the giant frog zombie.
The giant frog zombie closely misses you.
You hit the giant frog zombie but do no damage.
The giant frog zombie hits you.
* * * LOW HITPOINT WARNING * * *
You closely miss the giant frog zombie. The giant frog zombie hits you.
* * * LOW HITPOINT WARNING * * *
You barely miss the giant frog zombie.
The giant frog zombie barely misses you.
The giant frog zombie misses you.
You hit the giant frog zombie. The giant frog zombie hits you.
* * * LOW HITPOINT WARNING * * *
You barely miss the giant frog zombie.
The giant frog zombie closely misses you.
You barely miss the giant frog zombie. The giant frog zombie hits you.
You die...

#.....# #.........#
#.#. ####..#
#[........###.#.
#..####..............[
#..##..........##.(.##
#..(.........####.###
##.##.######## #.#
#.##.# #.# #.##.# #.#
#.##@# #.# #)##Z#
#.#### #[##.# #....#
#.[..# ##..... #...(.
#.....> #.....#
#...... #.....#
#...... #....##
###...# #.#.## #...#


You could see a giant frog zombie.

Vanquished Creatures
  5 adders
  A worm (D:2)
  3 giant geckos
  3 orcs (D:3)
  2 giant cockroaches (D:3)
  5 goblins
  7 hobgoblins
  2 kobolds
  A quokka (D:3)
  5 bats
  5 giant newts
  6 rats
45 creatures vanquished.

Notes
Turn   | Place    | Note
--------------------------------------------------------------
     0 | D:1      | Kurtz the Mummy Monk began the quest for the Orb.
     0 | D:1      | Reached XP level 1. HP: 18/18 MP: 1/1
   337 | D:1      | Reached XP level 2. HP: 17/24 MP: 2/2
  1096 | D:2      | Reached XP level 3. HP: 12/29 MP: 3/3
  1339 | D:2      | Found a bloodstained altar of Trog.
  1891 | D:3      | Reached XP level 4. HP: 28/35 MP: 4/4
  2657 | D:3      | Noticed Crazy Yiuf
  2741 | D:3      | Slain by a giant frog zombie

Action                   |  1- 3 |  4- 6 || total
-------------------------+-------+-------++-------
Melee: Unarmed           |   127 |    72 ||   199
 Stab: Sleeping          |     7 |     7 ||    14
